[Event "ICC tourney 2714 (40 10)"]
[Site "Internet Chess Club"]
[Date "2021.10.23"]
[Round "4"]
[White "Madhav, Krishay:krishaychess"]
[Black "PAQUET, BENJAMIN:BenPaquet"]
[Result "0-1"]
[ICCResult "White resigns"]
[WhiteElo "669"]
[BlackElo "901"]
[Opening "Giuoco Piano"]
[ECO "C50"]
[NIC "IG.02"]
[Time "17:46:44"]
[PlyCount "102"]
[TimeControl "2400+10"]

1. e4 e5 2. Nf3 Nc6 3. Bc4 Bc5 4. O-O Nf6 5. d3 O-O 6. Nc3 d6 7. Be3 Be6 8.
Nd5 Bxd5 9. Bxd5 Nxd5 10. exd5 Bxe3 11. fxe3 Ne7 12. e4 c6 13. dxc6 Nxc6 14.
Qd2 Qb6+ 15. Kh1 Qxb2 16. h3 Qa3 17. c4 Qc5 18. Kh2 Nd4 19. Nh4 b5 20. cxb5
Qxb5 21. Qf2 Qxd3 22. Rfe1 Rac8 23. Rac1 Rxc1 24. Rxc1 Qxe4 25. Nf3 Nxf3+
26. gxf3 Qf4+ 27. Kg2 Qxc1 28. Qxa7 Rc8 29. Qd7 Qc6 30. Qa7 Qc2+ 31. Kg3 g6
32. Qd7 Ra8 33. Qxd6 Qxa2 34. Qxe5 Qa7 35. Qd5 Qg1+ 36. Kf4 Ra4+ 37. Ke5
Qg5+ 38. Kd6 Qxd5+ 39. Kxd5 Rf4 40. Ke5 Rxf3 41. Kd6 Rxh3 42. Ke7 Rf3 43.
Ke8 h5 44. Ke7 h4 45. Kd6 h3 46. Ke5 h2 47. Kd6 h1=Q 48. Ke7 Qe1+ 49. Kd8
Rd3+ 50. Kc7 Qc1+ 51. Kb6 Rb3+ {White resigns} 0-1

[Event "ICC tourney 2714 (40 10)"]
[Site "Internet Chess Club"]
[Date "2021.10.23"]
[Round "4"]
[White "SCHEFF, HOLDEN:K05-30152348"]
[Black "LOWENFELD, ANNA:LionsAnnaL"]
[Result "0-1"]
[ICCResult "White checkmated"]
[WhiteElo "327"]
[BlackElo "590"]
[Opening "Two knights defense (Modern bishop's opening)"]
[ECO "C55"]
[NIC "IG.01"]
[Time "17:45:55"]
[PlyCount "64"]
[TimeControl "2400+10"]

1. e4 e5 2. Nf3 Nc6 3. Bc4 Nf6 4. d3 Bb4+ 5. Nc3 O-O 6. Bg5 d6 7. Qd2 Bg4 8.
a3 Ba5 9. b4 Bb6 10. h3 Bh5 11. g4 Bg6 12. Bxf6 Qxf6 13. g5 Qxf3 14. Rg1 Bd4
15. Rg3 Qh1+ 16. Ke2 Bh5+ 17. f3 Qh2+ 18. Ke1 Qh1+ 19. Ke2 Qxa1 20. Qd1 Qb2
21. Na4 Qxa3 22. Bb3 Qxb4 23. Qd2 Qb5 24. Nc3 Qb6 25. Nd5 Qc5 26. Ke1 f5 27.
exf5 Rxf5 28. f4 exf4 29. Rf3 Re5+ 30. Kd1 Bxf3+ 31. Kc1 Qa3+ 32. Kb1 Qb2#
{White checkmated}
0-1

[Event "ICC tourney 2714 (40 10)"]
[Site "Internet Chess Club"]
[Date "2021.10.23"]
[Round "4"]
[White "OUYANG, RAYMOND:Raymosaurus"]
[Black "SHAKIROV, DIYOR:Diyor"]
[Result "0-1"]
[ICCResult "White checkmated"]
[WhiteElo "812"]
[BlackElo "1172"]
[Opening "Sicilian"]
[ECO "B50"]
[NIC "SI.01"]
[Time "17:45:54"]
[PlyCount "96"]
[TimeControl "2400+10"]

1. e4 c5 2. Nf3 d6 3. Bc4 Nc6 4. d3 g6 5. Nc3 Bg7 6. Be3 Nf6 7. h3 O-O 8.
O-O Bd7 9. Qd2 Re8 10. Ng5 e6 11. Nf3 Qc7 12. Bf4 e5 13. Be3 a6 14. a3 b5
15. Ba2 Rab8 16. Nd5 Nxd5 17. Bxd5 Ne7 18. Ba2 c4 19. dxc4 bxc4 20. Qc3 Be6
21. b3 d5 22. Ng5 d4 23. Nxe6 fxe6 24. Qd2 dxe3 25. Qxe3 cxb3 26. Bxb3 Nc6
27. Rfd1 Nd4 28. Qd3 Nxb3 29. cxb3 Red8 30. Qxa6 Rxd1+ 31. Rxd1 Qf7 32. b4
Bf8 33. b5 Bc5 34. Rf1 Qd7 35. Rb1 Qd6 36. Qxd6 Bxd6 37. Kf1 Bxa3 38. Ke2
Bc5 39. f3 Kf7 40. Kd3 Bd4 41. Kc4 Ke7 42. Kb4 Kd6 43. Ka5 Bc5 44. Ka6 Rb6+
45. Ka5 Ke7 46. Rc1 Kd6 47. g3 Rb7 48. Ka6 Ra7# {White checkmated} 0-1

[Event "ICC tourney 2714 (40 10)"]
[Site "Internet Chess Club"]
[Date "2021.10.23"]
[Round "4"]
[White "Kale, Shubham:shubham07"]
[Black "procopio, Patti:prostripe"]
[Result "1-0"]
[ICCResult "Black resigns"]
[WhiteElo "1353"]
[BlackElo "1047"]
[Opening "English opening"]
[ECO "A10"]
[NIC "EO.64"]
[Time "17:46:19"]
[PlyCount "163"]
[TimeControl "2400+10"]

1. c4 d6 2. Nc3 c6 3. e4 Nf6 4. g3 e5 5. Bg2 Be7 6. Nge2 O-O 7. O-O h6 8. h3
Nbd7 9. Kh2 a6 10. a3 b5 11. d3 bxc4 12. dxc4 Bb7 13. f4 Qc7 14. f5 Nc5 15.
b4 Ncd7 16. g4 a5 17. Be3 axb4 18. axb4 Rxa1 19. Qxa1 Ra8 20. Qb2 c5 21.
bxc5 Nxc5 22. Bxc5 dxc5 23. Nd5 Bxd5 24. cxd5 Rb8 25. Qc2 Bd6 26. Rb1 Rxb1
27. Qxb1 Qb8 28. Nc3 Qxb1 29. Nxb1 Kf8 30. Kg1 Ke7 31. Kf2 Kd7 32. Ke2 Kc7
33. Kd3 Kb6 34. Kc4 Nd7 35. Nd2 f6 36. Nb3 Be7 37. Bf1 Bd6 38. Nd2 Ka5 39.
Nb3+ Kb6 40. Nd2 Ka5 41. Kb3 Nb6 42. Nc4+ Nxc4 43. Kxc4 Ka4 44. h4 Ka5 45.
Bd3 Kb6 46. Bc2 Be7 47. Ba4 Bd6 48. Kb3 Be7 49. Kc4 Bd6 50. Kd3 Be7 51. Ke3
Kc7 52. Kf3 Kd6 53. Bb5 Kc7 54. Ke3 Kb6 55. Bc6 Ka5 56. Kd3 Kb4 57. Ke3 c4
58. Kd2 Bc5 59. Bb7 c3+ 60. Kc2 Kc4 61. Ba6+ Kd4 62. Bd3 Ke3 63. Kxc3 Kf4
64. Kc4 Be7 65. Kb5 Kxg4 66. Kc6 Kxh4 67. d6 Bxd6 68. Kxd6 Kg4 69. Ke6 Kg5
70. Kf7 h5 71. Kxg7 h4 72. Be2 h3 73. Bf3 h2 74. Bh1 Kf4 75. Kxf6 Kg3 76.
Ke7 Kf2 77. f6 Kg1 78. f7 Kxh1 79. f8=Q Kg1 80. Qg7+ Kf2 81. Qf6+ Ke3 82.
Qh4 {Black resigns} 1-0

[Event "ICC tourney 2714 (40 10)"]
[Site "Internet Chess Club"]
[Date "2021.10.23"]
[Round "4"]
[White "Zhan, Jayden Zihan:Viperchess001"]
[Black "QI, JENNY:eevee11"]
[Result "0-1"]
[ICCResult "White checkmated"]
[WhiteElo "1162"]
[BlackElo "1394"]
[Opening "Scandinavian defense"]
[ECO "B01"]
[NIC "SD.03"]
[Time "17:45:54"]
[PlyCount "116"]
[TimeControl "2400+10"]

1. e4 d5 2. exd5 Nf6 3. d4 Bg4 4. Be2 Bxe2 5. Nxe2 Qxd5 6. O-O Nc6 7. Nbc3
Qf5 8. Ng3 Qg4 9. Qxg4 Nxg4 10. d5 Nb4 11. f3 Nf6 12. Rd1 O-O-O 13. Bf4
Nfxd5 14. Nxd5 Nxd5 15. Bd2 e6 16. Ne4 h6 17. Kh1 Nb4 18. Bxb4 Bxb4 19. c3
Be7 20. Nf2 Rxd1+ 21. Rxd1 Rd8 22. Rxd8+ Kxd8 23. Kg1 Bc5 24. Kf1 Bxf2 25.
Kxf2 Kd7 26. Ke3 Kd6 27. Kd4 c5+ 28. Ke4 e5 29. c4 a6 30. b3 g6 31. g4 Ke6
32. h3 f5+ 33. gxf5+ gxf5+ 34. Ke3 Kf6 35. h4 Kg6 36. Kf2 Kh5 37. Kg3 e4 38.
Kf4 Kxh4 39. fxe4 fxe4 40. Kxe4 Kg3 41. Kd5 h5 42. Kxc5 h4 43. Kb6 h3 44.
Kxb7 h2 45. Kxa6 h1=Q 46. Kb5 Qb7+ 47. Kc5 Qa7+ 48. Kb4 Qxa2 49. Kc3 Qa5+
50. Kc2 Qb4 51. Kb2 Kf4 52. Kc2 Ke4 53. Kb2 Kd4 54. Kc2 Qc3+ 55. Kb1 Qxb3+
56. Kc1 Qa2 57. c5 Kc3 58. c6 Qa1# {White checkmated} 0-1

[Event "ICC tourney 2714 (40 10)"]
[Site "Internet Chess Club"]
[Date "2021.10.23"]
[Round "4"]
[White "LI, MASON JIN:K03-16739697"]
[Black "SHAH-GUSTAFSSON, LINNEA:Saga44"]
[Result "1-0"]
[ICCResult "Black checkmated"]
[WhiteElo "1369"]
[BlackElo "1146"]
[Opening "Queen's pawn, Mason variation"]
[ECO "D00"]
[NIC "QP.08"]
[Time "17:45:48"]
[PlyCount "105"]
[TimeControl "2400+10"]

1. d4 d5 2. Bf4 Bf5 3. e3 e6 4. Nf3 Nd7 5. c4 Ngf6 6. Nc3 Bb4 7. Qb3 Bxc3+
8. bxc3 Rb8 9. c5 O-O 10. Be2 Ne4 11. a4 b6 12. c6 Ndf6 13. O-O Bg4 14. Rfd1
Nh5 15. Bg3 Nhxg3 16. hxg3 f6 17. c4 Qd6 18. cxd5 exd5 19. Rdc1 Nd2 20. Qa2
Ne4 21. Bd3 Be6 22. Qc2 Bf5 23. Nh4 Qe6 24. Nxf5 Qxf5 25. f3 Qg5 26. fxe4
Qxe3+ 27. Kf1 dxe4 28. Bxe4 g6 29. Qd3 Qxd3+ 30. Bxd3 Rbd8 31. d5 Kg7 32.
Bc4 Rfe8 33. Re1 Re5 34. Rxe5 fxe5 35. Re1 Re8 36. Kf2 Kf6 37. Ke3 Kf5 38.
Rf1+ Kg4 39. d6 cxd6 40. c7 Kxg3 41. Ba6 Kxg2 42. Rf2+ Kg3 43. c8=Q Rxc8 44.
Bxc8 h5 45. Rf3+ Kg2 46. Bh3+ Kh2 47. Kf2 g5 48. Bf1 g4 49. Rg3 d5 50. Rg1
h4 51. Bg2 g3+ 52. Kf1 h3 53. Rh1# {Black checkmated} 1-0

[Event "ICC tourney 2714 (40 10)"]
[Site "Internet Chess Club"]
[Date "2021.10.23"]
[Round "4"]
[White "DIAO, RUBY SIMU:RubyD"]
[Black "YAMASAKI, DAWSON YOSHIO:Darston"]
[Result "0-1"]
[ICCResult "White checkmated"]
[WhiteElo "1046"]
[BlackElo "1198"]
[Opening "two knights defense: Wilkes Barre (Traxler) variation"]
[ECO "C57"]
[NIC "KP.01"]
[Time "17:45:52"]
[PlyCount "70"]
[TimeControl "2400+10"]

1. e4 e5 2. Nf3 Nc6 3. Bc4 Nf6 4. Ng5 Bc5 5. O-O O-O 6. d3 Na5 7. Bb3 Nxb3
8. axb3 d5 9. Re1 Bg4 10. Qd2 h6 11. h3 Bh5 12. g4 Nxg4 13. hxg4 Bxg4 14.
Kg2 Qxg5 15. Qxg5 hxg5 16. Bxg5 f6 17. Bd2 Be6 18. Nc3 c6 19. exd5 cxd5 20.
Nb5 Rfc8 21. b4 Be7 22. c3 a6 23. Na3 b5 24. Kg3 Kf7 25. b3 Bd6 26. Kg2 Bf5
27. Re3 e4 28. dxe4 Bxe4+ 29. f3 Bf5 30. Rc1 Rh8 31. Kg1 Rh2 32. Rd1 Rah8
33. Ree1 g5 34. Be3 Rh1+ 35. Kf2 R8h2# {White checkmated} 0-1

[Event "ICC tourney 2714 (40 10)"]
[Site "Internet Chess Club"]
[Date "2021.10.23"]
[Round "4"]
[White "DIXIT, RAAJAS KUNAL:raadix028"]
[Black "Carr, Kevin:BobbyKnight"]
[Result "1-0"]
[ICCResult "Black checkmated"]
[WhiteElo "1175"]
[BlackElo "1279"]
[Opening "Caro-Kann: classical variation"]
[ECO "B18"]
[NIC "CK.10"]
[Time "17:45:52"]
[PlyCount "129"]
[TimeControl "2400+10"]

1. e4 c6 2. d4 d5 3. Nc3 dxe4 4. Nxe4 Bf5 5. Ng3 Bg6 6. Nf3 Nf6 7. Bd3 Bxd3
8. Qxd3 e6 9. O-O Bd6 10. Bd2 Nbd7 11. Rfe1 O-O 12. c4 Re8 13. Ne5 Nxe5 14.
dxe5 Bc7 15. Qxd8 Raxd8 16. Bg5 Ng4 17. Bxd8 Rxd8 18. f4 Bb6+ 19. Kf1 Rd2
20. Re2 Rd4 21. Re4 Rd2 22. Re2 Nxh2+ 23. Ke1 Rd4 24. Re4 Ba5+ 25. Kf2 Ng4+
26. Kf3 Nh2+ 27. Kf2 Rd2+ 28. Re2 Bb6+ 29. Ke1 Rd3 30. Ne4 Ba5+ 31. Kf2 Ng4+
32. Kg1 Ne3 33. c5 b6 34. a3 bxc5 35. Nxc5 Nd5 36. Nxd3 Bb6+ 37. Kh1 c5 38.
Rc1 h6 39. g3 g5 40. Re4 Ne7 41. Nxc5 Nf5 42. g4 Ng3+ 43. Kg2 gxf4 44. Rxf4
Ne2 45. Rfc4 Nxc1 46. Rxc1 Kg7 47. Kf3 Kg6 48. Kf4 Bd8 49. Rd1 Bg5+ 50. Ke4
Bh4 51. Kf3 a5 52. b4 axb4 53. axb4 f6 54. exf6 Bxf6 55. Nxe6 Be5 56. b5 Kf6
57. Nd4 Ke7 58. Nc6+ Ke6 59. Nxe5 Kxe5 60. b6 Ke6 61. b7 Ke5 62. b8=Q+ Kf6
63. Qd6+ Kg5 64. Qe7+ Kg6 65. Rd6# {Black checkmated} 1-0

[Event "ICC tourney 2714 (40 10)"]
[Site "Internet Chess Club"]
[Date "2021.10.23"]
[Round "4"]
[White "GANDHI, ISHAN D:awesomeshawn"]
[Black "DELABRE, TONY:tdelabre62"]
[Result "1-0"]
[ICCResult "Black resigns"]
[WhiteElo "970"]
[BlackElo "1177"]
[Opening "Petrov's defense"]
[ECO "C42"]
[NIC "RG.03"]
[Time "17:45:55"]
[PlyCount "111"]
[TimeControl "2400+10"]

1. e4 e5 2. Nf3 Nf6 3. Nxe5 d6 4. Nf3 Nxe4 5. Bc4 Be7 6. d3 Nf6 7. O-O a5 8.
a4 O-O 9. Re1 Re8 10. Ng5 d5 11. Bb3 Bg4 12. f3 Bd7 13. f4 Bg4 14. Nf3 Bc5+
15. d4 Rxe1+ 16. Qxe1 Bxf3 17. dxc5 Be4 18. Be3 Nc6 19. Nc3 Bxg2 20. Kxg2 d4
21. Rd1 Qe7 22. Bxd4 Qxe1 23. Rxe1 Nxd4 24. Kg3 Nxb3 25. cxb3 Kf8 26. Nb5
Rc8 27. Rc1 Ke7 28. f5 g6 29. Re1+ Kf8 30. Kf4 Nd5+ 31. Kg4 Kg7 32. fxg6
hxg6 33. h4 f5+ 34. Kf3 Rh8 35. Kg3 Rc8 36. Rd1 f4+ 37. Kf3 c6 38. Nd6 Rh8
39. Nxb7 Rxh4 40. Nxa5 Rh3+ 41. Kf2 Rh2+ 42. Kg1 Rxb2 43. Nxc6 Ne3 44. Rd3
Rc2 45. Nd4 Rg2+ 46. Kh1 Rf2 47. c6 Rf1+ 48. Kh2 Kf6 49. c7 Rc1 50. Nb5 Ng4+
51. Kg2 Rc2+ 52. Kf1 Ke7 53. Nc3 Ne3+ 54. Rxe3+ fxe3 55. c8=Q Rc1+ 56. Ke2
{Black resigns}
1-0

[Event "ICC tourney 2714 (40 10)"]
[Site "Internet Chess Club"]
[Date "2021.10.23"]
[Round "4"]
[White "Mathur, Pranit:pmathur06"]
[Black "ANGEL, BORYS:BArkadia"]
[Result "1/2-1/2"]
[ICCResult "Game drawn by mutual agreement"]
[WhiteElo "716"]
[BlackElo "1380"]
[Opening "Old Indian defense"]
[ECO "A53"]
[NIC "OI.04"]
[Time "17:45:54"]
[PlyCount "80"]
[TimeControl "2400+10"]

1. d4 Nf6 2. c4 d6 3. Nc3 g6 4. e3 Bg7 5. Be2 O-O 6. Nf3 Nbd7 7. h3 Re8 8.
O-O e5 9. Nd2 e4 10. f3 exf3 11. Bxf3 c5 12. Nb3 cxd4 13. Nxd4 Nb6 14. b3 d5
15. c5 Nbd7 16. Nxd5 Nxc5 17. Nf4 Nce4 18. Nfe2 a6 19. Bb2 Bd7 20. Rb1 Nd5
21. Nc2 Ndc3 22. Bxc3 Nxc3 23. Nxc3 Bxc3 24. Bxb7 Ra7 25. Qf3 Be6 26. Rbd1
Qb6 27. Be4 a5 28. Rd3 Bg7 29. Nd4 a4 30. Nc6 Rc7 31. Nd4 axb3 32. axb3 Rf8
33. Nxe6 fxe6 34. Qe2 Rxf1+ 35. Qxf1 Rf7 36. Qe2 Be5 37. Kh1 Qa5 38. Rd1 Qb4
39. Bf3 Qxb3 40. Rf1 Kg7 {Game drawn by mutual agreement} 1/2-1/2

[Event "ICC tourney 2714 (40 10)"]
[Site "Internet Chess Club"]
[Date "2021.10.23"]
[Round "4"]
[White "YENIGALLA, MANAS:K06-30081118"]
[Black "LA BRECHE, NATHANAEL JOHN:aWildNateDawg"]
[Result "0-1"]
[ICCResult "White checkmated"]
[WhiteElo "431"]
[BlackElo "1337"]
[Opening "Scotch gambit: Dubois-Réti defense"]
[ECO "C55"]
[NIC "KP.02"]
[Time "17:46:44"]
[PlyCount "152"]
[TimeControl "2400+10"]

1. e4 e5 2. Nf3 Nc6 3. d4 exd4 4. Bc4 Nf6 5. e5 d5 6. Bb5 Nd7 7. Nxd4 Nxd4
8. Bxd7+ Qxd7 9. Qxd4 Be7 10. O-O O-O 11. Re1 Qc6 12. c3 Bc5 13. Qd3 b6 14.
Be3 Bxe3 15. Rxe3 Re8 16. Nd2 Bb7 17. Qd4 Qe6 18. Nf3 c5 19. Qd2 h6 20. Rae1
Rad8 21. Qc2 d4 22. cxd4 Bxf3 23. Rxf3 Rxd4 24. b3 Red8 25. h3 Rd2 26. Qe4
Rxa2 27. Qb7 Qd7 28. Qe4 Rd2 29. Rfe3 Rd4 30. Qf3 Re8 31. Qe2 Re6 32. g3 Rd5
33. f4 Qe7 34. f5 Rc6 35. f6 Qe6 36. g4 gxf6 37. exf6 Qxf6 38. Re8+ Kg7 39.
Rf1 Qd4+ 40. Kh1 Rf6 41. Rxf6 Qxf6 42. Re3 Qa1+ 43. Kh2 Rd1 44. Qg2 Qd4 45.
Qf3 Qd6+ 46. Kg2 Qd5 47. Qxd5 Rxd5 48. Re7 Rd3 49. Rxa7 Rxb3 50. Re7 c4 51.
Re2 b5 52. Kf1 Rb1+ 53. Kf2 c3 54. Ke3 Rb2 55. Kd3 Rxe2 56. Kxe2 b4 57. Kd3
Kg6 58. h4 f5 59. gxf5+ Kxf5 60. Kc2 Kg4 61. Kb3 Kxh4 62. Kc2 Kg3 63. Kd3 h5
64. Kc2 h4 65. Kb3 h3 66. Kc2 h2 67. Kb3 h1=Q 68. Kc2 Qe1 69. Kb3 Qb1+ 70.
Kc4 c2 71. Kd4 c1=Q 72. Kd5 Qd3+ 73. Ke5 Qc5+ 74. Ke6 Qdd6+ 75. Kf7 Qcc7+
76. Ke8 Qde7# {White checkmated} 0-1

[Event "ICC tourney 2714 (40 10)"]
[Site "Internet Chess Club"]
[Date "2021.10.23"]
[Round "5"]
[White "DELABRE, TONY:tdelabre62"]
[Black "PAQUET, BENJAMIN:BenPaquet"]
[Result "0-1"]
[ICCResult "White resigns"]
[WhiteElo "1177"]
[BlackElo "901"]
[Opening "Scotch: Schmidt variation"]
[ECO "C45"]
[NIC "SO.04"]
[Time "20:00:23"]
[PlyCount "38"]
[TimeControl "2400+10"]

1. e4 e5 2. Nf3 Nc6 3. d4 exd4 4. Nxd4 Nf6 5. Bg5 Be7 6. Bc4 Nxe4 7. Bxe7
Qxe7 8. O-O O-O 9. Re1 Re8 10. Nxc6 dxc6 11. Nd2 Bf5 12. f3 Qc5+ 13. Kh1
Nxd2 14. Rxe8+ Rxe8 15. Bxf7+ Kxf7 16. Qxd2 Qe5 17. g4 Bg6 18. Kg1 Qe3+ 19.
Qxe3 Rxe3 {White resigns} 0-1

[Event "ICC tourney 2714 (40 10)"]
[Site "Internet Chess Club"]
[Date "2021.10.23"]
[Round "5"]
[White "SARAVIA, KYLE AUSTIN:Kyle45"]
[Black "LABELLE, MATTHEW NICHOLAS:LaBelleM"]
[Result "1-0"]
[ICCResult "Black resigns"]
[WhiteElo "1289"]
[BlackElo "1125"]
[Opening "Sicilian: closed"]
[ECO "B23"]
[NIC "SI.44"]
[Time "20:00:18"]
[PlyCount "79"]
[TimeControl "2400+10"]

1. e4 c5 2. Nc3 g6 3. Nf3 Bg7 4. Bc4 Nc6 5. O-O e6 6. d3 Nge7 7. Bg5 O-O 8.
Qd2 d5 9. exd5 exd5 10. Nxd5 b5 11. Nxe7+ Nxe7 12. Bxe7 Qxe7 13. Bxb5 Bb7
14. Rfe1 Qd6 15. Rab1 a6 16. Bc4 Rad8 17. Re3 Qf4 18. Qe2 Bd4 19. Nxd4 cxd4
20. Re7 Qg5 21. Rxb7 Rfe8 22. Bxf7+ Kf8 23. Qf3 Re7 24. Bxg6+ Kg7 25. Rxe7+
Qxe7 26. Be4 Rf8 27. Qg4+ Kf7 28. Qf5+ Ke8 29. Qc8+ Kf7 30. Qc4+ Ke8 31. Re1
Kd8 32. Qxd4+ Kc7 33. Qa7+ Kd6 34. Qxa6+ Kc7 35. Qc6+ Kd8 36. Qa8+ Kc7 37.
Qa5+ Kb8 38. Qb6+ Kc8 39. Bf5+ Rxf5 40. Rxe7 {Black resigns} 1-0

[Event "ICC tourney 2714 (40 10)"]
[Site "Internet Chess Club"]
[Date "2021.10.23"]
[Round "5"]
[White "Madhav, Atishay:atishaychess"]
[Black "HARWIN, JACOB FLYNN:jharwin2011"]
[Result "1-0"]
[ICCResult "Black checkmated"]
[WhiteElo "471"]
[BlackElo "965"]
[Opening "Giuoco Pianissimo: Italian four knights variation"]
[ECO "C50"]
[NIC "IG.02"]
[Time "20:00:29"]
[PlyCount "43"]
[TimeControl "2400+10"]

1. e4 e5 2. Nf3 Nc6 3. Bc4 Bc5 4. Nc3 Nf6 5. d3 Ng4 6. O-O d6 7. h3 Nf6 8.
Bg5 h6 9. Bxf6 Qxf6 10. Nd5 Qd8 11. Bb5 O-O 12. Nd2 f5 13. Qh5 fxe4 14. Nxe4
Rf5 15. Qg6 Qf8 16. Ndf6+ Rxf6 17. Nxf6+ Qxf6 18. Bc4+ Kh8 19. Qe8+ Kh7 20.
Bg8+ Kh8 21. Bf7+ Kh7 22. Qg8# {Black checkmated} 1-0

[Event "ICC tourney 2714 (40 10)"]
[Site "Internet Chess Club"]
[Date "2021.10.23"]
[Round "5"]
[White "MORGAN, CHARLES C:Chasly"]
[Black "Madhav, Krishay:krishaychess"]
[Result "0-1"]
[ICCResult "White resigns"]
[WhiteElo "714"]
[BlackElo "669"]
[Opening "Bishop's opening: Berlin defense"]
[ECO "C24"]
[NIC "IG.04"]
[Time "20:01:15"]
[PlyCount "70"]
[TimeControl "2400+10"]

1. e4 e5 2. Bc4 Nf6 3. d3 Bc5 4. h3 c6 5. Nc3 d5 6. exd5 cxd5 7. Bb5+ Bd7 8.
Bxd7+ Nbxd7 9. Bg5 Qb6 10. Na4 Qb4+ 11. c3 Qa5 12. Nxc5 Qxc5 13. Qc2 d4 14.
O-O-O Rc8 15. Bd2 b5 16. Ne2 b4 17. b3 bxc3 18. Bg5 Qa3+ 19. Kb1 Nd5 20. Bc1
Qa5 21. Rd2 Nb4 22. Nxc3 Nxc2 23. Rxc2 Rxc3 24. Bd2 Rxc2 25. Kxc2 Qxa2+ 26.
Kd1 Qb1+ 27. Bc1 Qxd3+ 28. Bd2 Ke7 29. Re1 Qxb3+ 30. Ke2 Rc8 31. Kf1 f5 32.
Bg5+ Ke6 33. Kg1 h6 34. Bd2 Nc5 35. Rc1 Qb2 {White resigns} 0-1

[Event "ICC tourney 2714 (40 10)"]
[Site "Internet Chess Club"]
[Date "2021.10.23"]
[Round "5"]
[White "SHAH-GUSTAFSSON, LINNEA:Saga44"]
[Black "OUYANG, RAYMOND:Raymosaurus"]
[Result "0-1"]
[ICCResult "White resigns"]
[WhiteElo "1146"]
[BlackElo "812"]
[Opening "Ruy Lopez: Steinitz defense deferred (Russian defense)"]
[ECO "C79"]
[NIC "RL.12"]
[Time "20:00:20"]
[PlyCount "144"]
[TimeControl "2400+10"]

1. e4 e5 2. Nf3 Nc6 3. Bb5 a6 4. Ba4 Nf6 5. O-O d6 6. h3 Nxe4 7. d3 Nc5 8.
Bxc6+ bxc6 9. Nc3 Be7 10. Be3 Ne6 11. d4 exd4 12. Nxd4 Nxd4 13. Bxd4 O-O 14.
Qf3 Bd7 15. Qg3 Bf6 16. Bxf6 Qxf6 17. Rfe1 Rab8 18. Rab1 h6 19. Qd3 Bf5 20.
Qd2 Qg6 21. Re2 Bxh3 22. g3 Bg4 23. Re7 Rfc8 24. b3 Qh5 25. f3 Bxf3 26. Qh2
Qxh2+ 27. Kxh2 Kf8 28. Rbe1 Bg4 29. R7e4 Be6 30. Ra4 Ra8 31. Ree4 Bf5 32.
Rec4 c5 33. Ne2 Be6 34. Re4 Bd5 35. Rf4 Bc6 36. Ra5 Re8 37. Rf2 Bb5 38. Nc3
Reb8 39. Nxb5 Rxb5 40. Rxb5 axb5 41. c4 bxc4 42. bxc4 Ra4 43. Rc2 Ke7 44.
Kg2 Ke6 45. Kf3 Kf5 46. g4+ Kf6 47. Kf4 g5+ 48. Ke4 Ke6 49. Kd3 Kd7 50. Rf2
Ra3+ 51. Ke4 Ke6 52. Rh2 f6 53. Rxh6 Rxa2 54. Rh7 Ra4 55. Kd3 c6 56. Rc7 Ra6
57. Ke4 d5+ 58. cxd5+ cxd5+ 59. Kd3 c4+ 60. Kd4 Ra3 61. Rc6+ Ke7 62. Kxd5 c3
63. Kd4 Ra4+ 64. Kxc3 Rxg4 65. Kd3 f5 66. Ke3 Rg3+ 67. Kf2 f4 68. Rg6 Kf7
69. Ra6 Rb3 70. Kg2 g4 71. Ra4 Rf3 72. Rxf4+ Rxf4 {White resigns} 0-1

[Event "ICC tourney 2714 (40 10)"]
[Site "Internet Chess Club"]
[Date "2021.10.23"]
[Round "5"]
[White "SHI, WARREN:warren200"]
[Black "DIAO, RUBY SIMU:RubyD"]
[Result "0-1"]
[ICCResult "White resigns"]
[WhiteElo "607"]
[BlackElo "1046"]
[Opening "King's pawn game"]
[ECO "C50"]
[NIC "IG.03"]
[Time "20:01:15"]
[PlyCount "112"]
[TimeControl "2400+10"]

1. e4 e5 2. Nf3 Nc6 3. Bc4 Nd4 4. Nxe5 Qg5 5. O-O Qxe5 6. d3 Bd6 7. f4 Qc5
8. Be3 Qb6 9. c3 Bc5 10. cxd4 Bxd4 11. Bxd4 Qxd4+ 12. Kh1 Qxb2 13. Qh5 Nf6
14. Qxf7+ Kd8 15. Qxg7 Re8 16. Bf7 Qxa1 17. Bxe8 Kxe8 18. e5 Nh5 19. Qg8+
Ke7 20. Qxh7+ Ke6 21. Qg6+ Kd5 22. Qe4+ Kc5 23. Rc1+ Kb6 24. Qb4+ Ka6 25.
Qa4+ Kb6 26. Qb4+ Ka6 27. Rc3 b6 28. Rxc7 Qxa2 29. Qc4+ Qxc4 30. dxc4 Nxf4
31. g4 Ne6 32. Rxc8 Rxc8 33. Kg2 Rxc4 34. Na3 Rxg4+ 35. Kf3 Rh4 36. Kg3 Ra4
37. Nc2 b5 38. h4 Ng7 39. Ne1 b4 40. Nd3 Ra3 41. Kg4 Rxd3 42. Kg5 Rg3+ 43.
Kh6 b3 44. h5 b2 45. Kh7 b1=Q+ 46. Kg8 Ne6+ 47. Kf7 Qf5+ 48. Ke7 Qxe5 49. h6
Qg5+ 50. Kxd7 Qxh6 51. Kd6 Nf4+ 52. Ke5 Ne2 53. Ke4 Qh4+ 54. Kf5 Rg5+ 55.
Ke6 Qh6+ 56. Kf7 Rg7+ {White resigns} 0-1

[Event "ICC tourney 2714 (40 10)"]
[Site "Internet Chess Club"]
[Date "2021.10.23"]
[Round "5"]
[White "Carr, Kevin:BobbyKnight"]
[Black "Zhan, Jayden Zihan:Viperchess001"]
[Result "0-1"]
[ICCResult "White resigns"]
[WhiteElo "1279"]
[BlackElo "1162"]
[Opening "French: advance, Euwe variation"]
[ECO "C02"]
[NIC "FR.03"]
[Time "20:00:25"]
[PlyCount "128"]
[TimeControl "2400+10"]

1. e4 e6 2. d4 d5 3. e5 c5 4. c3 Nc6 5. Nf3 Bd7 6. Bd3 Qb6 7. Bc2 cxd4 8.
cxd4 Bb4+ 9. Nc3 Nge7 10. O-O O-O 11. a3 Bxc3 12. bxc3 Na5 13. Qd3 Ng6 14.
h4 Bb5 15. Qd1 Bxf1 16. Kxf1 Rfc8 17. Qd3 Nf8 18. Ng5 Qa6 19. Qxa6 bxa6 20.
Bd2 Nc4 21. Ke2 Rab8 22. Ra2 Rb2 23. Rxb2 Nxb2 24. Bd3 Nxd3 25. Kxd3 Nd7 26.
Nf3 Nb6 27. Bc1 Na4 28. Bd2 Nb2+ 29. Kc2 Nc4 30. a4 Rb8 31. Be3 Rb2+ 32. Kc1
Ra2 33. Nd2 Rxa4 34. Nxc4 Rxc4 35. Kc2 Kf8 36. Kb3 Ke8 37. f4 g6 38. g4 Kd7
39. h5 Kc6 40. hxg6 hxg6 41. f5 gxf5 42. gxf5 a5 43. fxe6 fxe6 44. Bd2 a4+
45. Ka3 Kb5 46. Be1 Rc7 47. Bh4 Rh7 48. Be1 Rh1 49. Bd2 Rd1 50. Bg5 Rd3 51.
Kb2 Kc4 52. Be7 Rxc3 53. Bc5 a6 54. Ka2 Rb3 55. Ba7 Kd3 56. Bc5 Kc2 57. Bd6
Rb2+ 58. Ka3 Kc3 59. Bf8 Rf2 60. Bc5 Kc4 61. Ba7 Rd2 62. Bc5 Rxd4 63. Bxd4
Kxd4 64. Kxa4 Kc3 {White resigns} 0-1

[Event "ICC tourney 2714 (40 10)"]
[Site "Internet Chess Club"]
[Date "2021.10.23"]
[Round "5"]
[White "FOX, MICHAEL:CajunWyoCowboy"]
[Black "YENIGALLA, MANAS:K06-30081118"]
[Result "1-0"]
[ICCResult "Black checkmated"]
[WhiteElo "1057"]
[BlackElo "431"]
[Opening "Scandinavian (center counter) defense"]
[ECO "B01"]
[NIC "SD.01"]
[Time "20:00:26"]
[PlyCount "143"]
[TimeControl "2400+10"]

1. e4 d5 2. exd5 Qxd5 3. Nc3 Qa5 4. Nf3 Nf6 5. d3 Bf5 6. Bd2 e6 7. Ne4 Qb6
8. Nxf6+ gxf6 9. b3 c6 10. Be3 Qa5+ 11. Bd2 Bb4 12. Be2 Nd7 13. Qc1 Bc3 14.
Bxc3 Qxc3+ 15. Nd2 O-O-O 16. O-O Qc5 17. Kh1 Rhg8 18. Nf3 Qd5 19. c4 Qd6 20.
Qh6 Ne5 21. Nxe5 fxe5 22. Rad1 Qc7 23. Qe3 Rh8 24. Qxa7 Qb8 25. Qxb8+ Kxb8
26. b4 h5 27. h4 Rdg8 28. g3 e4 29. Kh2 exd3 30. Bxd3 Bg4 31. Ra1 f5 32.
Rfe1 Re8 33. Re3 e5 34. f3 f4 35. gxf4 Bd7 36. fxe5 Be6 37. f4 Ref8 38. Rf3
Bg4 39. Rf2 Bf5 40. Bxf5 Rxf5 41. b5 cxb5 42. cxb5 Rhf8 43. Raf1 Kc7 44. a4
Kb6 45. Kg3 Ka5 46. Ra2 Rxe5 47. fxe5 Rxf1 48. e6 Re1 49. Kf4 Rxe6 50. Kg5
Re4 51. Kxh5 Rxa4 52. Rxa4+ Kxa4 53. Kg5 Kxb5 54. h5 Ka4 55. h6 b5 56. h7 b4
57. h8=Q b3 58. Qd4+ Ka3 59. Qa1+ Kb4 60. Qb2 Kc4 61. Kf4 Kb4 62. Ke4 Kc4
63. Ke3 Kb4 64. Kd2 Kc4 65. Ke3 Kb4 66. Kd3 Ka4 67. Kc3 Ka5 68. Qxb3 Ka6 69.
Kc4 Ka7 70. Kc5 Ka8 71. Kc6 Ka7 72. Qb7# {Black checkmated} 1-0